 Dungeon Crawl Stone Soup version 0.31-a0-200-gbc41564c69 (webtiles) character file.

Game seed: 2131633299425482296

107 qw the Skirmisher (level 4, -13/25 HPs)
             Began as a Deep Elf Hunter on June 25, 2023.
             Mangled by an ogre
             ... wielding a +0 giant spiked club
              (27 damage)
             ... on level 4 of the Dungeon.
             The game lasted 00:00:25 (1122 turns).

qw the Skirmisher (Deep Elf Hunter)                 Turns: 1122, Time: 00:00:26

Health: -13/25     AC:  3    Str: 10    XL:     4   Next: 57%
Magic:  6/6        EV: 12    Int: 14    God:
Gold:   110        SH:  0    Dex: 18    Spells: 3/3 levels left

rFire   . . .        Y - +0 shortbow
rCold   . . .        (shield currently unavailable)
rNeg    . . .        c - +0 leather armour
rPois   .            (no helmet)
rElec   .            (no cloak)
rCorr   .            (no gloves)
SInv    .            (no boots)
Will    .....        (no amulet)
Stlth   ++           (no ring)
HPRegen 0.24/turn    (no ring)
MPRegen 0.10/turn

%: no passive effects
@: no status effects
A: no striking features
a: no special abilities


You were on level 4 of the Dungeon.
You visited 1 branch of the dungeon, and saw 3 of its levels.

You collected 110 gold pieces.


   Skills:
 - Level 1.5 Fighting
 + Level 8.0 Ranged Weapons
 - Level 2.4 Dodging
 - Level 1.2 Stealth


You had 3 spell levels left.
You didn't know any spells.
Your spell library was empty.

Inventory:

Hand Weapons
 Y - a +0 shortbow (weapon)
Armour
 b - a +0 ring mail
 c - a +0 leather armour (worn)
Jewellery
 a - a +5 ring of evasion
 i - a ring of fire
Scrolls
 d - a scroll of blinking {unknown}
 f - 2 scrolls of enchant weapon {unknown}
Potions
 e - a potion of heal wounds {unknown}
 g - a potion of curing {unknown}
 j - a potion of mutation {unknown}

Dungeon Overview and Level Annotations

Branches:
Dungeon (4/15)
 Temple: D:4-7

Altars:
Zin

Annotations:
D:4 Sigmund


Message History

An ogre comes into view. It is wielding a +0 giant spiked club.
You shoot an arrow. The arrow hits the bullfrog!
The bullfrog is heavily wounded.
A kobold comes into view. It is wielding a +0 short sword.
You shoot an arrow. The kobold shouts!
The arrow hits the bullfrog.
The bullfrog is severely wounded.
You shoot an arrow. The arrow closely misses the bullfrog.
You shoot an arrow. The arrow closely misses the bullfrog.
The bullfrog closely misses you. The bullfrog hits you.
You shoot an arrow. The arrow hits the bullfrog!
The bullfrog is almost dead.
The bullfrog completely misses you.
An ogre comes into view. It is wielding a +0 giant club.
The bullfrog hits you.
You shoot an arrow. The arrow barely misses the bullfrog.
The ogre shouts!
The arrow hits the kobold.
You kill the kobold!
You hear a shout!
The bullfrog hits you but does no damage.
Sigmund the Dreaded comes into view.
He is wielding a +5 vampiric scythe.
The ogre hits you with a +0 giant spiked club.
You shoot an arrow. The arrow closely misses the bullfrog.
The bullfrog barely misses you. x2
You shoot an arrow. The arrow hits the bullfrog!
You kill the bullfrog!
The ogre barely misses you.
Your Ranged Weapons skill gained 2 levels and is now at level 8!
You have reached level 4!
You feel clever.
You shoot an arrow. The arrow hits the ogre.
The ogre is lightly wounded.
The ogre closely misses you.
You shoot an arrow. The arrow hits the ogre!
The ogre is moderately wounded.
You shoot an arrow. The arrow barely misses the ogre.
The ogre hits you with a +0 giant spiked club!!
Ouch! That really hurt!
You die...

....#...##... .....
...#...###.. .....
##.......... .....##
#........>.. .......
#.........## #..@..###
##...........
#.......###............
.##...OO..#.......#.....
...!...@....#.....###...
#.........###.......###.
##.........##...#...# .
#..#..#..###.###...# #
## ##.#... ... ......
####.....# ##.(###
#.....# ### ####.# ##


You could see 2 ogres and Sigmund.

Vanquished Creatures
  A bullfrog (D:4)
  A worm (D:2)
  4 dart slugs
  3 giant cockroaches
  3 goblins (D:1)
  4 hobgoblins (D:1)
  3 kobolds
  A quokka (D:1)
  3 ball pythons (D:1)
  2 bats
  A frilled lizard (D:1)
  2 rats
28 creatures vanquished.

Notes
Turn   | Place    | Note
-------+----------+-------------------------------------------
     0 | D:1      | qw the Deep Elf Hunter began the quest for the Orb.
     0 | D:1      | Reached XP level 1. HP: 12/12 MP: 3/3
     0 | D:1      | 0 ||| qw: Version: 0.3-a-22-g0ed2b0b
     0 | D:1      | 0 ||| qw: Game counter: 5484
     0 | D:1      | 0 ||| qw: Melee chars always use a shield: true
     0 | D:1      | 0 ||| qw: God list: Okawaru
     0 | D:1      | 0 ||| qw: Allow faded altars: false
     0 | D:1      | 0 ||| qw: Do Orc after clearing Dungeon:15 true
     0 | D:1      | 0 ||| qw: Do second Lair branch before Depths: true
     0 | D:1      | 0 ||| qw: Lair rune preference: random
     0 | D:1      | 0 ||| qw: Goals: Normal
     0 | D:1      | 0 ||| PLANNING D:1-11
    64 | D:1      | 64 ||| FLEEEEING.
   150 | D:1      | Reached XP level 2. HP: 16/16 MP: 4/4
   193 | D:1      | Reached skill level 6 in Ranged Weapons
   682 | D:1      | Reached XP level 3. HP: 17/20 MP: 5/5
   695 | D:1      | Found a faded altar of an unknown god.
   822 | D:1      | 822 ||| READING scroll labelled ZEAGAH TIDO.
   823 | D:1      | 823 ||| READING scroll labelled IGRUHU BARGHUVUS.
   824 | D:1      | 824 ||| READING scroll labelled FUOGYF WUYCK.
   825 | D:1      | 825 ||| DROPPING scroll of butterflies.
   827 | D:1      | 827 ||| Stepping ~*~*~tactically~*~*~ (cloud).
  1027 | D:2      | Found a glowing silver altar of Zin.
  1077 | D:2      | You fall into a shaft and drop 2 floors!
  1110 | D:4      | Noticed a bullfrog
  1111 | D:4      | Noticed an ogre
  1116 | D:4      | Noticed an ogre
  1117 | D:4      | Noticed Sigmund
  1119 | D:4      | Killed a bullfrog
  1120 | D:4      | Reached skill level 8 in Ranged Weapons
  1120 | D:4      | Reached XP level 4. HP: 13/25 MP: 6/6
  1122 | D:4      | Mangled by an ogre

Levels and vault maps discovered:
D:1:      minmay_arrival_stair_chambers, layout_basic,
          hellmonk_ecumenical_altar_prayer_group, serial_corexii_hall,
          corexii_hall_statues_i, corexii_hall_statues_x,
          corexii_hall_statues_deadend, chequers_hall_statues_wall_a,
          chequers_hall_statues_corner_a, chequers_hall_statues_wall_a
D:2:      layout_basic, basic_altar
D:4:      layout_cave_pools, uniq_sigmund, uniq_pikel, uniq_grinder,
          uniq_natasha, uniq_duvessa

Skill      XL: |  1  2  3 |
---------------+----------+-----
Ranged Weapons | 6 8 |  8.0
Fighting       | |  1.5
Dodging        | |  2.4
Stealth        | |  1.2

Action                     |  1- 3 |  4- 6 || total
---------------------------+-------+-------++-------
   Fire: Shortbow          |    86 |     3 ||    89
    Use: Scroll            |     3 |       ||     3
 Armour: Leather armour    |     7 |       ||     7
  Dodge: Dodged            |    14 |     1 ||    15

Table legend:
 A = Non-vault XP
 B = Vault XP
 C = Vault XP percentage of total XP
 D = Non-vault monster count
 E = Vault monster count
 F = Vault count percentage of total count
                 A         B        C        D         E       F
            +---------+---------+-------+---------+---------+-------
      Total |     145 |       9 |   5.8 |      23 |       5 |  17.9
            +---------+---------+-------+---------+---------+-------
        D:1 |      34 |       9 |  20.9 |      16 |       5 |  23.8
        D:2 |      12 |       0 |   0.0 |       4 |       0 |   0.0
        D:4 |      99 |       0 |   0.0 |       3 |       0 |   0.0
            +---------+---------+-------+---------+---------+-------
